 Dungeon Crawl Stone Soup version 0.23-a0-321-g6bcb69f (webtiles) character file.

39 iamserjio the Digger (level 3, 2/28 HPs)
             Began as a Deep Elf Earth Elementalist on Oct 15, 2018.
             Quit the game on level 1 of the Dungeon.
             The game lasted 00:03:42 (1567 turns).

iamserjio the Digger (Deep Elf Earth Elementalist)  Turns: 1567, Time: 00:03:42

Health: 2/28       AC: 21    Str:  5    XL:     3   Next: 26%
Magic:  0/10       EV:  2    Int: 20    God:
Gold:   54         SH:  0    Dex: 15    Spells: 6/10 levels left

rFire    + . .     SeeInvis .   m - -2 whip (curse)
rCold    + . .     Gourm    .   (no shield)
rNeg     + + +     Faith    .   (armour currently unavailable)
rPois    +         Spirit   .   (helmet currently unavailable)
rElec    +         Reflect  .   (cloak currently unavailable)
rCorr    +         Harm     .   (gloves currently unavailable)
MR       .....     NoTele   +   (boots currently unavailable)
Stlth    ++........             (no amulet)
HPRegen  0.09/turn              (no ring)
MPRegen  0.12/turn              (no ring)

@: lethally poisoned (2 -> -7), tree-form, resistant
A: no striking features
a: no special abilities


You were on level 1 of the Dungeon.
You were hungry.
You were a tree.
You visited 1 branch of the dungeon, and saw 2 of its levels.

You collected 54 gold pieces.

Inventory:

Hand Weapons
 e - a +0 club
 m - a cursed -2 whip (weapon)
Missiles
 j - 31 arrows
 o - 19 stones (quivered)
Armour
 c - a +0 robe (melded)
Scrolls
 a - 2 scrolls of teleportation {unknown}
 f - 2 scrolls of amnesia {unknown}
 g - a scroll of immolation {unknown}
 i - a scroll of identify {unknown}
 k - a scroll of fear {unknown}
 l - a scroll of random uselessness {unknown}
Comestibles
 d - 4 rations


   Skills:
 + Level 3.0 Dodging
 - Level 2.4 Stealth
 * Level 4.0 Spellcasting
 + Level 0.1 Conjurations
   Level 1.1 Transmutations
 * Level 4.0 Earth Magic


You had 6 spell levels left.
You knew the following spells:

 Your Spells              Type           Power        Failure   Level  Hunger
a - Sandblast             Erth           ###...       2%          1    None
b - Stone Arrow           Conj/Erth      ##....       16%         3    ###....

Your spell library contained the following spells:

 Spells                   Type           Power        Failure   Level  Hunger
 Passwall                 Tmut/Erth      ##......     7%          2    #......
 Petrify                  Tmut/Erth      ##......     41%         4    ####...
 Lee's Rapid Deconstruct  Erth           ###.......   56%         5    ######.


Dungeon Overview and Level Annotations

Branches:
Dungeon (2/15)

Altars:


Message History

The blast of sand misses the worker ant.
o - 19 stones The worker ant closely misses you.
You hit the worker ant but do no damage.
You feel sick. The worker ant barely misses you.
You aren't carrying any items that you can evoke.
Unknown command.
You feel sick. The worker ant bites you.
* * * LOW HITPOINT WARNING * * *
You are more poisoned.
The worker ant poisons you!
It was a potion of lignification.
You turn into a tree.
Your +0 robe melds into your body.
Your roots penetrate the ground.
The worker ant bites you but does no damage.
Unknown command.
It was a potion of resistance.
You feel protected.
* * * LOW HITPOINT WARNING * * *
You feel sick.
The worker ant bites you but does no damage.

#..# #.###.#.# #.#...##.# #.
#..# #.##..#.# #.##.###.# #.
###..# #.##.##.###.##.# #.# #.
#....# #..............# #.# #.
#.#.## ####.##.####.### #.# #.
#.#.# #.##.# #.# #.# #. #.#.#
#.##.# #.# #.# #. #.#.#
#.##.####.# #.# #.
#.#.########..a♣.....#####.####.
#.#....>......#.......(.........
#.######.....############.######
#.# #.##### #.# #.# #÷# #.# #.#
#.# #.# #.# #.################.#
#.# #..†...............# #.#
#################..#


You could see a worker ant.

Vanquished Creatures
  A dart slug (D:1)
  A leopard gecko (D:1)
  6 giant cockroaches (D:1)
  5 goblins
  2 hobgoblins (D:1)
  A quokka (D:1)
  2 bats (D:1)
  A frilled lizard (D:1)
  6 kobolds (D:1)
  9 rats (D:1)
34 creatures vanquished.

Notes
Turn   | Place    | Note
-------+----------+-------------------------------------------
     0 | D:1      | iamserjio the Deep Elf Earth Elementalist began the quest
                  | for the Orb.
     0 | D:1      | Reached XP level 1. HP: 10/10 MP: 6/6
   150 | D:1      | Reached XP level 2. HP: 15/15 MP: 5/8
   708 | D:1      | Reached XP level 3. HP: 5/19 MP: 10/10
   713 | D:1      | Learned a level 3 spell: Stone Arrow
  1541 | D:2      | Noticed an ogre
  1567 | D:1      | Quit the game

Vault maps used:
D:1:      onia_arrival_larder
D:2:      kennysheep_big_flooded_room, xom_butterflies,
          nicolae_overflow_hidden_temple

Skill      XL: |  1  2  3 |
---------------+----------+-----
Dodging        | 3 |  3.0
Spellcasting   | 4 |  4.0
Earth Magic    | 4 |  4.0
Stealth        | |  2.4
Conjurations   | |  0.1
Transmutations | |  1.1

Action                   || total
-------------------------++-------
Melee: Club              ||    33
       Whip              ||     1
 Cast: Sandblast         ||    41
       Stone Arrow       ||     9
  Use: Potion            ||     3
  Eat: Chunk             ||     2
Armor: Robe              ||     7
       Skin              ||     2
Dodge: Dodged            ||    48

Table legend:
 A = Non-vault XP
 B = Vault XP
 C = Vault XP percentage of total XP
 D = Non-vault monster count
 E = Vault monster count
 F = Vault count percentage of total count
                 A         B        C        D         E       F
            +---------+---------+-------+---------+---------+-------
      Total |      46 |      10 |  17.9 |      28 |       6 |  17.6
            +---------+---------+-------+---------+---------+-------
        D:1 |      42 |      10 |  19.2 |      26 |       6 |  18.8
        D:2 |       4 |       0 |   0.0 |       2 |       0 |   0.0
            +---------+---------+-------+---------+---------+-------
